[Event "Titled Tuesday Blitz June 27 Late 2023"]
[White "Rakitic2010"]
[Black "Zavortink, Matt"]
[BlackFideId "2034263"]
[WhiteElo "2331"]
[BlackElo "2473"]
[Result "1-0"]
[Round "10"]
[TimeControl "180+2"]
[Date "2023.06.27"]
[WhiteClock "0:02:37"]
[BlackClock "0:00:42"]
[Board "75"]

1. e4 c5 2. d4 cxd4 3. c3 d3 4. Nf3 g6 5. Bxd3 Bg7 6. O-O Nc6 7. c4 d6 8. h3 Nf6 9. Nc3 O-O 10. Be3 Nd7 11. Qe2 Nde5 12. Rfd1 Nxd3 13. Qxd3 Bd7 14. c5 Qa5 15. cxd6 exd6 16. Qxd6 Rfd8 17. Qc5 Qxc5 18. Bxc5 Rac8 19. Nd5 b6 20. Ne7+ Nxe7 21. Bxe7 Bxb2 22. Rab1 Re8 23. Rxd7 Ba3 24. Bxa3 1-0


[Site "https://www.chess.com"]

[Event "Titled Tuesday Blitz June 27 Late 2023"]
[White "Gulamali, Kazim"]
[Black "Garmendiarov"]
[WhiteFideId "2024764"]
[WhiteElo "2451"]
[BlackElo "2321"]
[Result "1-0"]
[Round "10"]
[TimeControl "180+2"]
[Date "2023.06.27"]
[WhiteClock "0:00:08"]
[BlackClock "0:00:02"]
[Board "76"]

1. e4 c5 2. d4 cxd4 3. c3 Nf6 4. e5 Nd5 5. Nf3 d6 6. Qxd4 e6 7. exd6 Nc6 8. Qg4 e5 9. Qe4 Nf6 10. Qh4 Bxd6 11. Bg5 Be7 12. Nbd2 O-O 13. O-O-O Qa5 14. Bc4 Bf5 15. Bb3 Rac8 16. Nc4 Qa6 17. Nd6 Bxd6 18. Rxd6 Ne4 19. Rhd1 Nxd6 20. Rxd6 Qf1+ 21. Rd1 Qxg2 22. Bd5 Qg4 23. Qxg4 Bxg4 24. Rg1 Bxf3 25. Bxf3 Kh8 26. Be3 f6 27. Be4 Rfd8 28. Bf5 Rc7 29. h4 Ne7 30. Be4 Nd5 31. Bd2 b5 32. h5 h6 33. a3 a5 34. Rd1 b4 35. axb4 axb4 36. Be1 Rcd7 37. c4 Nb6 38. Rxd7 Rxd7 39. b3 Rd4 40. f3 Nd7 41. Bxb4 f5 42. Bxf5 Nf6 43. Bg6 Rf4 44. Bc3 Rxf3 45. Kb2 e4 46. b4 e3 47. b5 e2 48. Bd2 Rd3 49. Bxd3 Ng4 50. Bxe2 Nf2 51. c5 Ne4 52. Be3 Ng3 53. Bg4 g6 54. Bd4+ Kg8 55. Be6+ Kf8 56. hxg6 h5 57. g7+ Ke7 58. g8=Q h4 59. Qf7+ 1-0


[Site "https://www.chess.com"]

[Event "Titled Tuesday Blitz June 27 Late 2023"]
[White "Fajdetic, Hrvoje"]
[Black "Luong Phuong Hanh"]
[WhiteFideId "14501945"]
[BlackFideId "12401013"]
[WhiteElo "2345"]
[BlackElo "2450"]
[Result "0-1"]
[Round "10"]
[TimeControl "180+2"]
[Date "2023.06.27"]
[WhiteClock "0:00:00"]
[BlackClock "0:00:27"]
[Board "77"]

1. b3 e5 2. Bb2 d6 3. e3 Nc6 4. d4 g6 5. dxe5 Bg7 6. Nf3 Nge7 7. Bb5 O-O 8. O-O dxe5 9. Na3 a6 10. Bxc6 Nxc6 11. Nc4 Qxd1 12. Rfxd1 Bg4 13. h3 Bxf3 14. gxf3 Rad8 15. a4 b5 16. axb5 axb5 17. Na3 Nb4 18. Nxb5 Nxc2 19. Rac1 Rxd1+ 20. Rxd1 c6 21. Na7 c5 22. Rd5 Nb4 23. Rxc5 Nd3 24. Rc2 Ra8 25. Nc6 Ra2 26. Nb4 Nxb4 27. Rc8+ Bf8 28. Bxe5 Rc2 29. Rxf8+ Kxf8 30. Bd6+ Ke8 31. Bxb4 Rb2 32. Bc5 Rxb3 33. Bd4 Kd7 34. Kg2 Ke6 35. Kg3 f5 36. h4 Kd5 37. Kf4 h6 38. h5 gxh5 39. Kxf5 Ra3 40. Kf4 Ra2 41. Kg3 Rd2 42. Bb6 Rd1 43. e4+ Ke6 44. Be3 Rh1 45. Kg2 Rb1 46. Bxh6 Ke5 47. Be3 Rb7 48. Kh3 Rb1 49. Kg2 Rd1 50. Kh3 Rg1 51. Kh2 Rg8 52. Bb6 Kf4 53. Bc7+ Kxf3 54. e5 Rg2+ 55. Kh3 Rxf2 0-1


[Site "https://www.chess.com"]

[Event "Titled Tuesday Blitz June 27 Late 2023"]
[White "Kornyukov, Alexey"]
[Black "Mazurkiewicz, Michal"]
[WhiteFideId "4150457"]
[BlackFideId "1124943"]
[WhiteElo "2254"]
[BlackElo "2449"]
[Result "0-1"]
[Round "10"]
[TimeControl "180+2"]
[Date "2023.06.27"]
[WhiteClock "0:00:09"]
[BlackClock "0:00:49"]
[Board "78"]

1. d4 Nf6 2. c4 e5 3. dxe5 Ng4 4. e4 Nxe5 5. f4 Nec6 6. a3 Bc5 7. b4 Bd4 8. Ra2 Qe7 9. Nf3 O-O 10. Re2 Ba1 11. Kf2 d6 12. b5 Nd8 13. Nbd2 g6 14. Nb3 Bg7 15. Qc2 Nd7 16. Bb2 Re8 17. Bxg7 Kxg7 18. h4 h5 19. Ng5 Nf6 20. Qc3 Kg8 21. Kg1 a6 22. a4 axb5 23. axb5 Ne6 24. g3 Nxg5 25. hxg5 Nxe4 26. Qf3 Bg4 27. Qxg4 hxg4 28. Reh2 Nxg5 29. fxg5 Qe3+ 30. Kg2 Ra2+ 31. Be2 Qxe2+ 32. Kg1 Qe1# 0-1


[Site "https://www.chess.com"]

[Event "Titled Tuesday Blitz June 27 Late 2023"]
[White "Mickiewicz, Piotr"]
[Black "BrandonJiang123456"]
[WhiteFideId "1114891"]
[WhiteElo "2448"]
[BlackElo "2232"]
[Result "0-1"]
[Round "10"]
[TimeControl "180+2"]
[Date "2023.06.27"]
[WhiteClock "0:00:25"]
[BlackClock "0:00:54"]
[Board "79"]

1. Nf3 f5 2. b3 Nf6 3. Bb2 e6 4. h3 Be7 5. g4 d6 6. g5 Nh5 7. h4 e5 8. d3 Nf4 9. e3 Ne6 10. c4 O-O 11. Nc3 c6 12. Qc2 Na6 13. Be2 Nb4 14. Qd2 a5 15. a3 Na6 16. Rg1 Nac5 17. Qc2 Qb6 18. Nd2 f4 19. O-O-O fxe3 20. fxe3 a4 21. b4 Nb3+ 22. Nxb3 axb3 23. Qd2 Nc7 24. Rg2 Be6 25. Rdg1 c5 26. Ne4 d5 27. Nf6+ Kh8 28. Nxh7 Kxh7 29. h5 cxb4 30. g6+ Kg8 31. h6 bxa3 32. h7+ Kh8 33. Bxe5 b2+ 34. Kc2 dxc4 35. dxc4 Bf6 36. Qc3 Nd5 37. cxd5 Rac8 38. Bxf6 Rxc3+ 39. Bxc3 Bxd5 40. Bd3 Qb3+ 41. Kd2 Bxg2 42. Rxg2 b1=Q 43. Bxb1 Qxb1 0-1


[Site "https://www.chess.com"]

[Event "Titled Tuesday Blitz June 27 Late 2023"]
[White "zano2023"]
[Black "szachmistrz2500"]
[WhiteElo "2187"]
[BlackElo "2448"]
[Result "1/2-1/2"]
[Round "10"]
[TimeControl "180+2"]
[Date "2023.06.27"]
[WhiteClock "0:00:50"]
[BlackClock "0:01:20"]
[Board "80"]

1. d4 Nf6 2. Nd2 g6 3. e4 d6 4. Ngf3 Bg7 5. Bd3 Nbd7 6. O-O e5 7. c3 O-O 8. Re1 Nh5 9. Nf1 c6 10. Ng3 Nf4 11. Bc2 Qe7 12. Be3 Nf6 13. Qd2 N6h5 14. Nxh5 Nxh5 15. Rad1 Bg4 16. Qe2 Qf6 17. h3 Bxf3 18. Qxf3 Qxf3 19. gxf3 Rad8 20. dxe5 dxe5 21. Bxa7 Ra8 22. Bc5 Rfe8 23. a3 Nf4 24. Kh2 Rad8 25. Be3 Ne6 26. Bb3 Bf6 27. Bxe6 Rxe6 28. Rxd8+ Bxd8 29. Rd1 Bh4 30. Rd7 b5 31. Bc5 f5 32. Kg2 fxe4 33. fxe4 Rf6 34. f3 Rf7 35. Rd6 Rc7 36. Re6 Rd7 37. Rd6 Rc7 38. Be3 Kf7 39. f4 Be7 40. Rd3 Ke6 41. fxe5 Kxe5 42. Kf3 Rc8 43. Bf4+ Ke6 44. e5 g5 45. Bg3 Rf8+ 46. Kg2 h5 47. Rd2 Ra8 48. Rd3 Rf8 49. Rd2 Ra8 50. Kh2 Rf8 51. Kg2 1/2-1/2


[Site "https://www.chess.com"]

[Event "Titled Tuesday Blitz June 27 Late 2023"]
[White "Schuster, Karsten"]
[Black "Howell, David W L"]
[WhiteFideId "4611071"]
[BlackFideId "410608"]
[WhiteElo "2356"]
[BlackElo "2994"]
[Result "0-1"]
[Round "10"]
[TimeControl "180+2"]
[Date "2023.06.27"]
[WhiteClock "0:00:17"]
[BlackClock "0:00:30"]
[Board "81"]

1. d4 e6 2. c4 Bb4+ 3. Nc3 b6 4. Qc2 Bb7 5. f3 Qh4+ 6. g3 Qxd4 7. e4 Nc6 8. Bd2 f5 9. exf5 Qe5+ 10. Be2 Nd4 11. Qd3 Nxf5 12. O-O-O O-O-O 13. Bf4 Qf6 14. Nb5 e5 15. Be3 Nxe3 16. Qxe3 a6 17. Nc3 Ne7 18. Nh3 Nf5 19. Qd3 Nd4 20. Ne4 Qh6+ 21. Nhg5 Bxe4 22. Qxe4 Qxg5+ 23. f4 Nxe2+ 24. Kb1 Qg6 25. f5 Qc6 26. Qxe2 Rhe8 27. Rd5 Kb8 28. Rhd1 d6 29. a3 Bc5 30. b4 Bd4 31. b5 axb5 32. Rxb5 Kb7 33. a4 Ra8 34. Qc2 Ra6 0-1


[Site "https://www.chess.com"]

[Event "Titled Tuesday Blitz June 27 Late 2023"]
[White "Cardozo Munar, Carlos Eduardo"]
[Black "Peycheva, Gergana"]
[WhiteFideId "4409477"]
[BlackFideId "2916711"]
[WhiteElo "2329"]
[BlackElo "2502"]
[Result "0-1"]
[Round "10"]
[TimeControl "180+2"]
[Date "2023.06.27"]
[WhiteClock "0:00:03"]
[BlackClock "0:01:37"]
[Board "82"]

1. d4 Nf6 2. Bg5 e6 3. e4 h6 4. Bxf6 Qxf6 5. c3 Qd8 6. Nd2 d5 7. Ngf3 c5 8. exd5 exd5 9. Bb5+ Nc6 10. O-O Be7 11. Re1 O-O 12. Qa4 Bd7 13. dxc5 Bxc5 14. Rad1 a6 15. Bxc6 Bxc6 16. Qg4 Qf6 17. Nb3 Ba7 18. Nbd4 Rad8 19. Nxc6 bxc6 20. Nd4 c5 21. Nf5 d4 22. cxd4 cxd4 23. Re4 d3 24. Rd2 Bc5 25. h4 Rd5 26. Rf4 Qg6 27. Qf3 Rfd8 28. h5 Qg5 29. Rd1 d2 30. Re4 Qxf5 31. Qe2 Bxf2+ 32. Kh1 Qxh5+ 33. Qxh5 Rxh5+ 34. Rh4 Rxh4# 0-1


[Site "https://www.chess.com"]

[Event "Titled Tuesday Blitz June 27 Late 2023"]
[White "MAHanif"]
[Black "Toniutti, Ezio"]
[BlackFideId "113034"]
[WhiteElo "2328"]
[BlackElo "2463"]
[Result "0-1"]
[Round "10"]
[TimeControl "180+2"]
[Date "2023.06.27"]
[WhiteClock "0:00:00"]
[BlackClock "0:00:24"]
[Board "83"]

1. Nf3 d5 2. g3 c6 3. Bg2 Nf6 4. O-O Bf5 5. d3 e6 6. Nbd2 Be7 7. Re1 O-O 8. e4 dxe4 9. dxe4 Nxe4 10. Qe2 Nf6 11. c3 Nbd7 12. Nd4 Re8 13. Nxf5 exf5 14. Qd3 g6 15. Qc2 Nc5 16. Nf3 Qd3 17. Qe2 Rad8 18. Be3 Bf8 19. Bf1 Qd7 20. Rad1 Qc7 21. Qc4 Nce4 22. Nd4 Nd5 23. Bc1 Bg7 24. Bg2 Qb6 25. Qb3 Qxb3 26. axb3 Ndxc3 27. bxc3 Nxc3 28. Rxe8+ Rxe8 29. Rf1 Bxd4 30. b4 Ne2+ 31. Kh1 Nc3 32. Be3 Bxe3 33. Re1 Nd5 34. Bxd5 cxd5 35. fxe3 d4 0-1


[Site "https://www.chess.com"]

[Event "Titled Tuesday Blitz June 27 Late 2023"]
[White "Baches Garcia, Guillermo"]
[Black "Gerbelli Neto, Eduardo"]
[WhiteFideId "2209764"]
[BlackFideId "2103281"]
[WhiteElo "2456"]
[BlackElo "2298"]
[Result "1-0"]
[Round "10"]
[TimeControl "180+2"]
[Date "2023.06.27"]
[WhiteClock "0:02:03"]
[BlackClock "0:00:34"]
[Board "84"]

1. e4 e5 2. Nf3 Nc6 3. Nc3 Nf6 4. d4 exd4 5. Nxd4 Bb4 6. Nxc6 bxc6 7. Bd3 d5 8. Bd2 O-O 9. O-O Bxc3 10. Bxc3 dxe4 11. Bxf6 Qxf6 12. Bxe4 Qxb2 13. Bxc6 Rb8 14. Rb1 Qxb1 15. Qxb1 Rxb1 16. Rxb1 Bf5 17. Rb7 Bxc2 18. Rxa7 Rb8 19. h4 Bb1 20. a4 h6 21. Rxc7 Ba2 22. a5 Bc4 23. Bb7 Bd3 24. a6 Bxa6 25. Bxa6 Rb1+ 26. Kh2 Rb4 27. Bc4 1-0


[Site "https://www.chess.com"]

[Event "Titled Tuesday Blitz June 27 Late 2023"]
[White "Perez Torres, Nabi Isaias"]
[Black "Pinto, Daniel"]
[WhiteFideId "5120373"]
[BlackFideId "3303144"]
[WhiteElo "2318"]
[BlackElo "2412"]
[Result "1-0"]
[Round "10"]
[TimeControl "180+2"]
[Date "2023.06.27"]
[WhiteClock "0:00:20"]
[BlackClock "0:00:13"]
[Board "85"]

1. d4 Nf6 2. c4 c5 3. d5 d6 4. Nc3 g6 5. Nf3 Bg7 6. Bf4 O-O 7. h3 Na6 8. e3 Nc7 9. Be2 Rb8 10. O-O a6 11. a4 b6 12. Nd2 e5 13. dxe6 fxe6 14. Nf3 e5 15. Bg5 h6 16. Bh4 g5 17. Bg3 Be6 18. Nd2 Qe7 19. Nde4 Nxe4 20. Nxe4 Rfd8 21. Qc2 b5 22. axb5 axb5 23. Ra7 bxc4 24. Nc3 d5 25. e4 d4 26. Nd5 Bxd5 27. exd5 Qd6 28. Bxc4 Rb4 29. Rxc7 Qxc7 30. d6+ Rxc4 31. dxc7 Rxc2 32. cxd8=Q+ 1-0


[Site "https://www.chess.com"]

[Event "Titled Tuesday Blitz June 27 Late 2023"]
[White "Prydun, Andriy"]
[Black "StarkyNZ"]
[WhiteFideId "14145898"]
[WhiteElo "2398"]
[BlackElo "2276"]
[Result "1-0"]
[Round "10"]
[TimeControl "180+2"]
[Date "2023.06.27"]
[WhiteClock "0:01:29"]
[BlackClock "0:01:20"]
[Board "86"]

1. e4 c6 2. d4 d5 3. e5 Bf5 4. Bd3 Bxd3 5. cxd3 e6 6. Nc3 Nd7 7. Nf3 Ne7 8. O-O Ng6 9. Rb1 f6 10. exf6 Qxf6 11. b4 Bd6 12. b5 O-O 13. bxc6 bxc6 14. Ne2 Rab8 15. Bg5 Qf5 16. Rc1 Rb6 17. a4 Bb8 18. a5 Ra6 19. Qd2 Qg4 20. h3 Qh5 21. Ng3 Bxg3 22. fxg3 h6 23. g4 1-0


[Site "https://www.chess.com"]

[Event "Titled Tuesday Blitz June 27 Late 2023"]
[White "Kohler, Aran"]
[Black "Arnold, Ken"]
[WhiteFideId "1002856"]
[BlackFideId "2056836"]
[WhiteElo "2262"]
[BlackElo "2392"]
[Result "0-1"]
[Round "10"]
[TimeControl "180+2"]
[Date "2023.06.27"]
[WhiteClock "0:00:00"]
[BlackClock "0:00:14"]
[Board "87"]

1. d4 Nf6 2. c3 g6 3. Bg5 d5 4. Nd2 Bg7 5. Bxf6 exf6 6. e4 dxe4 7. Nxe4 O-O 8. Be2 Re8 9. Nd2 c5 10. dxc5 Bf5 11. Ndf3 Qc7 12. Qd6 Na6 13. Qxc7 Nxc7 14. Nd4 Bd3 15. Kd2 Bxe2 16. Ngxe2 Rad8 17. Kc2 f5 18. Rad1 Rd5 19. b4 Rde5 20. Rd2 Nd5 21. f4 Ne3+ 22. Kb3 Re4 23. g3 Ng4 24. h3 Nf6 25. Rf1 R4e7 26. Rc2 a6 27. Rf2 h5 28. Rg2 Nd5 29. Rh2 Re3 30. Kc4 Nc7 31. Rd2 R8e4 32. Kb3 Bxd4 33. Nxd4 Rxg3 34. c6 bxc6 35. Nxc6 Nb5 36. Rd8+ Kg7 37. Rc2 Ree3 38. Ka4 Nxc3+ 39. Ka5 Ne4 40. Kxa6 Rxh3 41. b5 Rc3 42. Rxc3 Rxc3 43. Ne5 Nc5+ 44. Kb6 Na4+ 45. Ka5 Ra3 46. Kb4 Rxa2 47. Nc4 Ra1 48. Rd7 h4 49. Ne5 h3 50. Rxf7+ Kg8 51. Rd7 h2 52. Nxg6 h1=Q 53. Ne7+ Kf8 54. Ng6+ Ke8 55. Re7+ Kd8 56. Re3 Qb1+ 0-1


[Site "https://www.chess.com"]

[Event "Titled Tuesday Blitz June 27 Late 2023"]
[White "Bueno, Alfeu Junior Varela"]
[Black "Romero Ruscalleda, Josep"]
[WhiteFideId "2108879"]
[BlackFideId "2231859"]
[WhiteElo "2380"]
[BlackElo "2374"]
[Result "0-1"]
[Round "10"]
[TimeControl "180+2"]
[Date "2023.06.27"]
[WhiteClock "0:00:00"]
[BlackClock "0:00:18"]
[Board "88"]

1. e4 g6 2. Nc3 Bg7 3. f4 d6 4. Nf3 c5 5. Bb5+ Bd7 6. O-O Nc6 7. d3 a6 8. Bxc6 Bxc6 9. f5 Nf6 10. Qe1 Qd7 11. Qh4 gxf5 12. Bh6 Rg8 13. e5 Ng4 14. Bxg7 Rxg7 15. exd6 Qxd6 16. Rae1 Bxf3 17. Rxf3 O-O-O 18. h3 Qh2+ 19. Kf1 Qh1+ 20. Ke2 Qxg2+ 21. Rf2 Nxf2 22. Qxf2 Qxh3 23. Kd1 Qg4+ 24. Kc1 Qd4 25. Qxf5+ e6 26. Qf1 Rdg8 27. Ne2 Qe3+ 28. Kb1 Kb8 29. a4 Ka7 30. Nf4 Qxe1+ 31. Qxe1 Rg1 32. Qxg1 Rxg1+ 33. Ka2 e5 34. Nh5 f5 35. Kb3 f4 36. Kc3 f3 37. Kd2 f2 38. Ng3 f1=Q 39. Nxf1 Rxf1 40. d4 exd4 0-1


[Site "https://www.chess.com"]

[Event "Titled Tuesday Blitz June 27 Late 2023"]
[White "Petersson, Kjell"]
[Black "Brown, Raehanna"]
[WhiteFideId "1705148"]
[BlackFideId "7402740"]
[WhiteElo "2183"]
[BlackElo "2169"]
[Result "1-0"]
[Round "10"]
[TimeControl "180+2"]
[Date "2023.06.27"]
[WhiteClock "0:02:26"]
[BlackClock "0:00:47"]
[Board "89"]

1. d4 Nf6 2. Bf4 g6 3. Nc3 Bg7 4. e4 d6 5. Qd2 O-O 6. O-O-O c6 7. f3 Nbd7 8. e5 Nh5 9. Bh6 dxe5 10. dxe5 Qa5 11. g4 Bxh6 12. Qxh6 Ng7 13. f4 Nb6 14. Nf3 Bxg4 15. Ng5 Rfd8 16. Qxh7+ Kf8 17. Qh8# 1-0


[Site "https://www.chess.com"]

[Event "Titled Tuesday Blitz June 27 Late 2023"]
[White "Roman, Rodrigo"]
[Black "reevecanada"]
[WhiteFideId "3701220"]
[WhiteElo "2327"]
[BlackElo "2589"]
[Result "0-1"]
[Round "10"]
[TimeControl "180+2"]
[Date "2023.06.27"]
[WhiteClock "0:00:07"]
[BlackClock "0:01:47"]
[Board "90"]

1. e4 c5 2. Nf3 d6 3. d4 cxd4 4. Nxd4 Nf6 5. Nc3 a6 6. Bg5 e6 7. f4 Be7 8. Qf3 Qc7 9. O-O-O Nbd7 10. Bd3 b5 11. Rhe1 Bb7 12. Qg3 Rc8 13. e5 dxe5 14. fxe5 Nd5 15. Nxd5 Bxd5 16. Bxe7 Kxe7 17. Qxg7 Rcg8 18. Qh6 Nxe5 19. Qh4+ f6 20. Re3 Rxg2 21. Rf1 Rf8 22. Qxh7+ Rf7 23. Qh3 Rxh2 24. Nf5+ Kd7 25. Ng3 Rxh3 0-1


[Site "https://www.chess.com"]

[Event "Titled Tuesday Blitz June 27 Late 2023"]
[White "Szente Varga, Fruzsina"]
[Black "Shapiro, Viktor"]
[WhiteFideId "712264"]
[BlackFideId "4175700"]
[WhiteElo "2318"]
[BlackElo "2487"]
[Result "0-1"]
[Round "10"]
[TimeControl "180+2"]
[Date "2023.06.27"]
[WhiteClock "0:00:01"]
[BlackClock "0:00:30"]
[Board "91"]

1. e4 Nf6 2. e5 Nd5 3. d4 d6 4. Bc4 dxe5 5. dxe5 c6 6. Ne2 Bf5 7. O-O e6 8. Ng3 Bg6 9. f4 Bc5+ 10. Kh1 Qh4 11. Bxd5 cxd5 12. f5 Nc6 13. Rf4 Qh6 14. Ra4 Be3 15. Bxe3 Qxe3 16. fxg6 hxg6 17. Ra3 Qxe5 18. Nd2 O-O-O 19. Rb3 Rh4 20. Qe1 Rdh8 21. h3 Qc7 22. Nf3 Rc4 23. Rc3 Rxc3 24. Qxc3 Qxg3 25. Qxg7 Rxh3+ 26. gxh3 Qxf3+ 27. Kh2 Qf2+ 28. Kh1 Nd4 29. Qf8+ Kd7 30. Qb8 Ne2 31. Qxb7+ Ke8 32. Qc8+ Ke7 33. Qc7+ Kf8 34. Qd6+ Kg7 35. Qe5+ f6 36. Qc7+ Kh6 37. Rg1 Qxg1# 0-1


[Site "https://www.chess.com"]

[Event "Titled Tuesday Blitz June 27 Late 2023"]
[White "Zampronha, Wladimir Camilo"]
[Black "KorolDimitriy75"]
[WhiteFideId "2103087"]
[WhiteElo "2290"]
[BlackElo "2407"]
[Result "1-0"]
[Round "10"]
[TimeControl "180+2"]
[Date "2023.06.27"]
[WhiteClock "0:01:30"]
[BlackClock "0:00:00"]
[Board "92"]

1. e4 c5 2. Nf3 d6 3. d4 cxd4 4. Nxd4 Nf6 5. Nc3 g6 6. Be3 Bg7 7. f3 O-O 8. Qd2 Nc6 9. Bc4 Bd7 10. O-O-O Qa5 11. Bb3 Rfc8 12. h4 Ne5 13. h5 Nxh5 14. Bh6 Bxh6 15. Qxh6 Rxc3 16. bxc3 Nf6 17. Qe3 Rc8 18. Kb2 Qb6 19. Ka1 Qc5 20. g4 a5 21. g5 Nh5 22. f4 Ng4 23. Qf3 Qxc3+ 24. Qxc3 Rxc3 25. Kb2 Re3 26. Rhe1 Nxf4 27. Bd5 b5 28. Bc6 Bxc6 29. Nxc6 Kf8 30. Nxa5 Rg3 31. Rg1 Rxg1 32. Rxg1 Ne5 33. Rh1 Kg7 34. Kc3 Ne6 35. Kb4 Nxg5 36. Kxb5 Nxe4 37. a4 f5 38. Nb3 1-0


[Site "https://www.chess.com"]

[Event "Titled Tuesday Blitz June 27 Late 2023"]
[White "Bulgurlu, Okan"]
[Black "Vega Gutierrez, Sabrina"]
[WhiteFideId "6352316"]
[BlackFideId "2219026"]
[WhiteElo "2288"]
[BlackElo "2392"]
[Result "0-1"]
[Round "10"]
[TimeControl "180+2"]
[Date "2023.06.27"]
[WhiteClock "0:00:00"]
[BlackClock "0:00:07"]
[Board "93"]

1. e4 c5 2. Nf3 Nc6 3. d4 cxd4 4. Nxd4 Nf6 5. Nc3 e5 6. Ndb5 d6 7. Bg5 a6 8. Na3 b5 9. Nd5 Be7 10. Bxf6 Bxf6 11. c4 b4 12. Nc2 O-O 13. Qf3 Bg5 14. h4 Bh6 15. g4 f6 16. Ncxb4 Nxb4 17. Nxb4 Qb6 18. Nd5 Qxb2 19. Rd1 Be6 20. Be2 Bxd5 21. Rxd5 Qb1+ 22. Rd1 Qxa2 23. O-O Bf4 24. Rxd6 a5 25. Qd3 a4 26. c5 Rfc8 27. Qb5 Kh8 28. Rfd1 Qc2 29. Qb7 h5 30. Rd7 Qxe2 31. Rxg7 Qxd1+ 32. Kg2 Qxg4+ 33. Rxg4 hxg4 34. Qf7 Rf8 35. Qg6 a3 36. Qh5+ Kg7 37. Qf5 a2 38. Qxg4+ Kf7 39. Qd7+ Kg6 40. Qg4+ Kh6 41. h5 Rg8 0-1


[Site "https://www.chess.com"]

[Event "Titled Tuesday Blitz June 27 Late 2023"]
[White "Kostiukov, Alexandr"]
[Black "BenchGM"]
[WhiteFideId "14108100"]
[WhiteElo "2284"]
[BlackElo "2365"]
[Result "0-1"]
[Round "10"]
[TimeControl "180+2"]
[Date "2023.06.27"]
[WhiteClock "0:00:00"]
[BlackClock "0:00:25"]
[Board "94"]

1. g3 Nf6 2. Bg2 d5 3. d3 e5 4. e4 dxe4 5. dxe4 Qxd1+ 6. Kxd1 Nc6 7. f3 Be6 8. Nd2 O-O-O 9. Bh3 Nd4 10. Bxe6+ Nxe6 11. Nh3 Bc5 12. c3 Rd3 13. Ke2 Rhd8 14. Nb3 Bb6 15. Ng5 Nxg5 16. Bxg5 h6 17. Bd2 Nh7 18. Rhd1 Ng5 19. Bxg5 Rxd1 20. Rxd1 Rxd1 21. Kxd1 hxg5 22. Ke2 Kd7 23. h4 gxh4 24. gxh4 Ke6 25. c4 Bd4 26. Nxd4+ exd4 27. Kd3 Ke5 28. b4 b6 29. b5 Kf4 30. Kxd4 Kxf3 0-1


[Site "https://www.chess.com"]

[Event "Titled Tuesday Blitz June 27 Late 2023"]
[White "Cluke86"]
[Black "Haitin, Ilja"]
[BlackFideId "4501764"]
[WhiteElo "2263"]
[BlackElo "2358"]
[Result "1-0"]
[Round "10"]
[TimeControl "180+2"]
[Date "2023.06.27"]
[WhiteClock "0:00:09"]
[BlackClock "0:00:06"]
[Board "95"]

1. e4 c5 2. Nc3 d6 3. f4 g6 4. Nf3 Bg7 5. Bc4 a6 6. a4 Nc6 7. d3 Nd4 8. Nxd4 Bxd4 9. a5 Nf6 10. h3 Nh5 11. Ne2 e5 12. c3 Qh4+ 13. Kd2 Bf2 14. fxe5 dxe5 15. Kc2 O-O 16. Rf1 Bd7 17. Bh6 Rfd8 18. g3 Nxg3 19. Rxf2 Nf5 20. exf5 Qxf2 21. fxg6 hxg6 22. Qd2 Bf5 23. Be3 Qf3 24. Rg1 Kg7 25. Rg3 Qh1 26. Bxc5 Rac8 27. b4 Qa1 28. Nc1 Qa4+ 29. Bb3 Qb5 30. Bb6 Rd7 31. h4 e4 32. h5 Qxb4 33. hxg6 fxg6 34. Kb2 Qe7 35. Bd4+ Rxd4 36. cxd4 exd3 37. Nxd3 Qc7 38. Ne5 Qd6 39. Rc3 Re8 40. Rc5 Qd8 41. Qc3 Qh4 42. Rc7+ Kh8 43. Nf7+ Kg7 44. Ne5+ Kh8 45. Nxg6+ Bxg6 46. d5+ Kg8 47. Qg7# 1-0


[Site "https://www.chess.com"]

[Event "Titled Tuesday Blitz June 27 Late 2023"]
[White "Inepton_Fermion"]
[Black "Vaglio Munoz, Jaime"]
[BlackFideId "6500145"]
[WhiteElo "2355"]
[BlackElo "2279"]
[Result "1-0"]
[Round "10"]
[TimeControl "180+2"]
[Date "2023.06.27"]
[WhiteClock "0:00:30"]
[BlackClock "0:00:00"]
[Board "96"]

1. d4 c6 2. e4 Qa5+ 3. Nc3 b5 4. Bd3 b4 5. Nce2 d5 6. e5 e6 7. Nf3 Ba6 8. O-O Bxd3 9. Qxd3 Qa6 10. Qe3 Nd7 11. Nf4 c5 12. a3 cxd4 13. Nxd4 bxa3 14. bxa3 Nh6 15. h3 Rc8 16. Bd2 Bc5 17. Bb4 Nf5 18. Nxf5 Bxe3 19. Nd6+ Kd8 20. Nxf7+ Kc7 21. fxe3 Rhg8 22. Rab1 Nb6 23. Nxe6+ Kb7 24. Nd6+ Ka8 25. Nxc8 Rxc8 26. Nd4 Nc4 27. e6 Nxe3 28. Rfe1 Nc4 29. e7 Qg6 30. Ne6 Qxc2 31. Bc5 Nb6 32. Bxb6 axb6 33. Nd8 Qc5+ 34. Kh1 Ka7 35. e8=Q d4 36. Qd7+ Rc7 37. Qxc7+ Qxc7 38. Re7 Qxe7 39. Nc6+ Ka6 40. Nxe7 Ka5 41. Nf5 Ka4 42. Nxd4 g5 43. Rxb6 1-0


[Site "https://www.chess.com"]

[Event "Titled Tuesday Blitz June 27 Late 2023"]
[White "Sanchez, Robert"]
[Black "Muhammed, Shuaau"]
[WhiteFideId "2034360"]
[BlackFideId "16700406"]
[WhiteElo "2126"]
[BlackElo "2351"]
[Result "1-0"]
[Round "10"]
[TimeControl "180+2"]
[Date "2023.06.27"]
[WhiteClock "0:01:24"]
[BlackClock "0:00:51"]
[Board "97"]

1. e4 e5 2. Nf3 Nc6 3. Bb5 a6 4. Ba4 Nf6 5. d3 d6 6. c3 g6 7. O-O Bg7 8. Re1 O-O 9. h3 b5 10. Bc2 Bb7 11. Nbd2 Ne7 12. Nf1 c5 13. Ng3 Re8 14. Be3 Qc7 15. Qd2 d5 16. Bh6 dxe4 17. dxe4 c4 18. Bxg7 Kxg7 19. Nh4 h6 20. Rf1 Rad8 21. Qe3 Nd7 22. f4 exf4 23. Rxf4 Ne5 24. Raf1 Kg8 25. R4f2 Kg7 26. Nhf5+ gxf5 27. exf5 f6 28. Nh5+ Kf7 29. Qxh6 Qb6 30. Qg7# 1-0


[Site "https://www.chess.com"]

[Event "Titled Tuesday Blitz June 27 Late 2023"]
[White "Wendt, Jan-Dietrich"]
[Black "Broca Jimenez, Fernando"]
[WhiteFideId "4623797"]
[BlackFideId "5104742"]
[WhiteElo "2349"]
[BlackElo "2237"]
[Result "0-1"]
[Round "10"]
[TimeControl "180+2"]
[Date "2023.06.27"]
[WhiteClock "0:00:00"]
[BlackClock "0:00:06"]
[Board "98"]

1. Nf3 b6 2. e4 Bb7 3. Nc3 e6 4. d4 Bb4 5. Bd3 Nf6 6. Qe2 d5 7. exd5 Nxd5 8. O-O Nxc3 9. bxc3 Bxc3 10. Bg5 Qd5 11. Rad1 Nd7 12. Bf4 Rc8 13. Ba6 O-O 14. Bxb7 Qxb7 15. Rd3 Bb4 16. Ne5 Nxe5 17. Bxe5 f6 18. Bf4 Rfe8 19. c3 Bd6 20. Bg3 Bxg3 21. Rxg3 Rcd8 22. Re1 c6 23. h4 e5 24. Re3 Rd5 25. h5 Qf7 26. h6 g6 27. Qg4 f5 28. Qh4 e4 29. f3 c5 30. fxe4 fxe4 31. Rxe4 Rxe4 32. Qxe4 cxd4 33. cxd4 Rd8 34. Qe7 Rxd4 35. Qg5 Rd7 36. Rc1 Qe8 37. Qg3 Rd8 38. Qb3+ Qf7 39. Qc3 Qd7 40. Rf1 Qd4+ 41. Qxd4 Rxd4 42. Rc1 Rd7 43. Rc8+ Kf7 44. Rh8 Kf6 45. Rf8+ Kg5 46. Ra8 Kxh6 47. Kh2 Kg5 48. Kg3 h5 49. Kh3 Rd3+ 50. g3 Ra3 0-1


[Site "https://www.chess.com"]